 Dungeon Crawl Stone Soup version 0.22-a0-460-g49b1da7e92 (webtiles) character file.

474 PikkenKukken the Ogre Mage (level 7, -2/63 HPs)
             Began as an Ogre Fire Elementalist on June 9, 2018.
             Slain by a quokka (3 damage)
             ... on level 4 of the Dungeon.
             The game lasted 00:16:47 (4387 turns).

PikkenKukken the Ogre Mage (Ogre Fire Elementalist) Turns: 4387, Time: 00:16:48

Health: -2/63      AC:  3    Str: 13    XL:     7   Next: 10%
Magic:  14/14      EV: 10    Int: 17    God:
Gold:   275        SH:  0    Dex: 10    Spells: 14/15 levels left

rFire    . . .     SeeInvis .   l - +0 giant spiked club
rCold    . . .     Gourm    .   (shield currently unavailable)
rNeg     . . .     Faith    .   a - +0 robe
rPois    .         Spirit   .   (helmet restricted)
rElec    .         Reflect  .   (no cloak)
rCorr    .         Harm     .   (gloves unavailable)
MR       .....                  (boots unavailable)
Stlth    ++........             (no amulet)
HPRegen  0.20/turn              n - ring of wizardry
MPRegen  0.14/turn              (no ring)

@: no status effects
A: large, unfitting armour, tough skin 1
a: no special abilities


You were on level 4 of the Dungeon.
You were not hungry.

You visited 1 branch of the dungeon, and saw 4 of its levels.

You collected 275 gold pieces.

Inventory:

Hand Weapons
 i - a +0 mace
 k - a +1 mace of holy wrath
 l - a +0 giant spiked club (weapon)
Missiles
 b - 59 bolts
Armour
 a - a +0 robe (worn)
Jewellery
 d - a +2 ring of strength {unknown}
 n - a ring of wizardry (left hand)
Scrolls
 f - 4 scrolls of identify
 g - a scroll of teleportation
 h - 2 scrolls of remove curse
 j - 2 scrolls of blinking
 m - a scroll of fear
Potions
 e - 4 potions of curing
Comestibles
 c - 4 rations


   Skills:
 + Level 1.7 Fighting
 + Level 1.6 Maces & Flails
 + Level 2.8 Dodging
 - Level 1.4 Stealth
 + Level 0.2 Unarmed Combat
 + Level 4.9 Spellcasting
 + Level 2.6 Conjurations
 + Level 4.2 Fire Magic


You had 14 spell levels left.
You knew the following spells:

 Your Spells              Type           Power        Failure   Level  Hunger
a - Flame Tongue          Conj/Fire      ###..        1%          1    None

Your spell library contained the following spells:

 Spells                   Type           Power        Failure   Level  Hunger
 Fireball                 Conj/Fire      ###.......   34%         5    ######.
 Conjure Flame            Conj/Fire      ###.....     4%          3    ###....
 Throw Flame              Conj/Fire      ###...       2%          2    #......
 Sticky Flame             Conj/Fire      ###.....     14%         4    ####...
 Inner Flame              Hex/Fire       ##......     8%          3    ###....


Dungeon Overview and Level Annotations

Branches:
Dungeon (4/15)
 Temple: D:4-7

Altars:
Hepliaklqana
Qazlal
Wu Jian


Innate Abilities, Weirdness & Mutations

You are too large for most types of armour.
You have tough skin. (AC +1)


Message History

You feel better. The worker ant misses you. The worker ant closely misses you.
You puncture the worker ant!
The worker ant is almost dead.
The worker ant closely misses you. The worker ant barely misses you.
You closely miss the worker ant.
The worker ant is almost dead.
The worker ant bites you.
* * * LOW HITPOINT WARNING * * *
The worker ant closely misses you.
You closely miss the worker ant.
The worker ant is almost dead.
The worker ant barely misses you. The quokka barely misses you.
The worker ant closely misses you.
You hit the worker ant but do no damage.
The worker ant is almost dead.
The quokka barely misses you. The worker ant bites you.
* * * LOW HITPOINT WARNING * * *
The quokka barely misses you. The worker ant barely misses you.
The quokka bites you.
You die...

#.##O# #.# .....## #. #.#
####.# ......( .. #.# ##....#
..<.........## ##.###..######
............# ##).....#.....#
............###<.#....#.....#
............#...##...##.....#
##..........r...##...##.....#
...[.......@...............# #
#.##.#...a....#....##.....#
..##........#.###.....##.....#
#....(......#.# #.##..##.....#
####........#.###.#...##.....#
........##.##.....#.#.####.###
...................>#..###.#
..................####...#.##
..................# ###.รท..##


You could see a worker ant and a quokka.

Vanquished Creatures
  2 ogres
  A hound (D:4)
  A bullfrog skeleton (D:4)
  2 orc priests (D:3)
  A worker ant (D:4)
  A howler monkey skeleton (D:4)
  4 adders
  An ooze (D:4)
  An adder skeleton (D:4)
  A worm (D:2)
  A dart slug (D:3)
  5 leopard geckos
  10 orcs
  7 bats
  6 giant cockroaches
  7 goblins
  11 hobgoblins
  9 jackals
  A ball python (D:2)
  9 frilled lizards
  6 kobolds
  8 rats
95 creatures vanquished.

Notes
Turn   | Place    | Note
-------+----------+-------------------------------------------
     0 | D:1      | PikkenKukken the Ogre Fire Elementalist began the quest for the Orb.
     0 | D:1      | Reached XP level 1. HP: 16/16 MP: 3/3
   166 | D:1      | Reached skill level 1 in Conjurations
   279 | D:1      | Reached XP level 2. HP: 24/24 MP: 1/5
  1066 | D:1      | Reached XP level 3. HP: 27/32 MP: 2/6
  1620 | D:2      | Reached XP level 4. HP: 32/40 MP: 2/9
  2063 | D:2      | Found an ornate altar of the Wu Jian Council.
  2157 | D:2      | Found a hazy altar of Hepliaklqana.
  2158 | D:2      | Found a stormy altar of Qazlal.
  2779 | D:3      | Reached skill level 1 in Maces & Flails
  2927 | D:3      | Reached skill level 1 in Fighting
  2927 | D:3      | Reached XP level 5. HP: 29/48 MP: 4/10
  3745 | D:4      | Reached XP level 6. HP: 55/55 MP: 9/12
  4275 | D:4      | Reached XP level 7. HP: 21/63 MP: 9/14
  4382 | D:4      | HP: 3/63 [worker ant (5)]
  4387 | D:4      | HP: 1/63 [worker ant (3)]
  4387 | D:4      | Slain by a quokka

Vault maps used:
D:1:      dpeg_arrival_three_same_balls
D:2:      minitemple
D:3:      first_ration
D:4:      uniq_robin

Skill      XL: |  1  2  3  4  5  6 |
---------------+-------------------+-----
Conjurations   | 1 2 |  2.6
Fire Magic     | 3 4 |  4.2
Dodging        | 2 |  2.8
Spellcasting   | 3 4 |  4.9
Maces & Flails | 1 |  1.6
Fighting       | 1 |  1.7
Stealth        | |  1.4
Unarmed Combat | |  0.2

Action                   |  1- 3 |  4- 6 |  7- 9 || total
-------------------------+-------+-------+-------++-------
Melee: Unarmed           |    11 |       |       ||    11
       Club              |    16 |       |       ||    16
       Mace              |    10 |    61 |       ||    71
       Giant spiked club |       |     4 |    14 ||    18
 Cast: Flame Tongue      |    53 |   121 |     1 ||   175
  Use: Scroll            |     4 |     2 |       ||     6
       Potion            |     3 |       |     1 ||     4
 Stab: Sleeping          |     1 |       |       ||     1
  Eat: Chunk             |     2 |     8 |       ||    10
       Ration            |       |     1 |       ||     1
Armor: Robe              |    22 |    56 |       ||    78
Dodge: Dodged            |    30 |   108 |    20 ||   158

Table legend:
 A = Spawn XP
 B = Non-spawn XP
 C = Spawn XP percentage of total XP
 D = Spawn monster count
 E = Non-spawn monster count
 F = Spawn count percentage of total count
 G = Total turns spent on level
                    A         B        C        D         E        F      G
               +---------+---------+-------+---------+---------+-------+---------
         Total |       0 |     678 |   0.0 |       0 |      95 |   0.0 |  4387
               +---------+---------+-------+---------+---------+-------+---------
           D:1 |       0 |      43 |   0.0 |       0 |      24 |   0.0 |  1399
           D:2 |       0 |      89 |   0.0 |       0 |      35 |   0.0 |  1119
           D:3 |       0 |     245 |   0.0 |       0 |      24 |   0.0 |  1461
           D:4 |       0 |     301 |   0.0 |       0 |      12 |   0.0 |   408
               +---------+---------+-------+---------+---------+-------+---------
